 Dungeon Crawl Stone Soup version 0.21-a0-476-gd103f4b (webtiles) character file.

6790 dvd the Basher (level 10, -2/147 HPs)
             Began as a Troll Berserker on Nov 22, 2017.
             Was a High Priest of Trog.
             Slain by an orc warrior
             ... wielding a +0 spear
              (14 damage)
             ... in a bailey.
             The game lasted 00:26:40 (7563 turns).

dvd the Basher (Troll Berserker)                    Turns: 7563, Time: 00:26:41

Health: -2/147     AC:  9    Str: 32      XL:     10   Next: 76%
Magic:  27/27      EV: 12    Int:  3 (4)  God:    Trog [*****.]
Gold:   507        SH:  0    Dex: 10 (11) Spells: 9/9 levels left

rFire    + . .     SeeInvis +   b - +8 war axe (elec)
rCold    + . .     Gourm    +   (no shield)
rNeg     . . .     Faith    .   J - +1 animal skin
rPois    +         Spirit   .   I - +0 hat
rElec    .         Reflect  .   H - +2 cloak of Xaer {rF+}
rCorr    .         Harm     .   (gloves unavailable)
MR       .....     Clarity  +   (boots unavailable)
Stlth    ..........             s - amulet of regeneration
HPRegen  1.14/turn              C - ring of magical power
MPRegen  0.20/turn              z - ring of magical power

@: berserking (expiring), very quick
A: unfitting armour, claws 3, see invisible, clarity, cold resistance 1, fast
metabolism 3, gourmand, sense surroundings 1, poison resistance, regeneration 1,
shaggy fur 1, tough skin 2
a: Berserk, Trog's Hand, Brothers in Arms, Burn Spellbooks, Renounce Religion


You were in a bailey.
You worshipped Trog.
Trog was extremely pleased with you.
You were full.

You visited 1 branch of the dungeon, and saw 9 of its levels.
You also visited: Bailey.

You collected 885 gold pieces.
You spent 378 gold pieces at shops.

Inventory:

Hand Weapons
 a - a +2 flail of protection
 b - a +8 war axe of electrocution (weapon)
 d - a +0 whip of freezing
 j - the +14 quarterstaff "Uhyixkep" {crush, MR+}
   (Trog gifted it to you in a bailey)

   It inflicts extra damage upon your enemies.
   It affects your resistance to hostile enchantments.
 y - a +2 halberd of protection
 A - a +1 morningstar
Missiles
 w - 10 large rocks (quivered)
Armour
 H - the +2 cloak of Xaer (worn) {rF+}
   (You bought it in a shop on level 4 of the Dungeon)

   It protects you from fire.
 I - a +0 hat (worn)
 J - a +1 animal skin (worn)
Jewellery
 s - an amulet of regeneration (around neck)
 u - an uncursed amulet of guardian spirit
 z - a ring of magical power (right claw)
 C - a ring of magical power (left claw)
Wands
 f - a wand of random effects (29)
Scrolls
 l - 3 scrolls of fear
 p - 9 scrolls of identify
 q - 3 scrolls of teleportation
 v - a scroll of magic mapping
 D - a scroll of remove curse
 E - a scroll of fog
Potions
 e - a potion of resistance
 h - 3 potions of brilliance
 k - 5 potions of curing
 m - 5 potions of heal wounds
 r - a potion of mutation
Comestibles
 c - 9 bread rations
 g - 7 fruits
 i - 8 chunks of flesh
 o - a royal jelly
 x - 6 meat rations


   Skills:
 + Level 6.2 Fighting
 + Level 3.1(6.7) Axes
 + Level 10.1(10.4) Maces & Flails
 + Level 4.7 Throwing
 + Level 7.0 Dodging
 + Level 1.4 Stealth


You had 9 spell levels left.
You didn't know any spells.

Dungeon Overview and Level Annotations

Branches:
Dungeon (9/15)             Temple (0/1) D:6
   Lair: D:8-11         Orc: D:9-12

Altars:
Cheibriados
Fedhas
Qazlal
Sif Muna

Shops:
D:4 =[!*


Innate Abilities, Weirdness & Mutations

You are too large for most types of armour.
You have claws for hands.
Your metabolism is lightning-fast.
You like to eat raw meat.
Your natural rate of healing is unusually fast.
You are covered in fur. (AC +1)
You have very tough skin. (AC +2)
You have supernaturally acute eyesight. (SInv)
You possess an exceptional clarity of mind.
Your flesh is cold resistant. (rC+)
You passively map a small area around you.
Your system is resistant to poisons. (rPois)


Message History

The orc warrior hits you with a halberd!
* * * LOW HITPOINT WARNING * * *
You slice the orc warrior!!
Lightning courses through the orc warrior!
You kill the orc warrior!
Trog accepts your kill.
You feel your strength returning.
Your base Axes skill increases to level 3!
You hit the orc warrior but do no damage.
Lightning courses through the orc warrior!
You slash the orc warrior!
Lightning courses through the orc warrior!
You kill the orc warrior!
Trog accepts your kill.
Your Dodging skill increases to level 7!
The orc warrior barely misses you.
You closely miss the orc warrior.
The orc warrior is severely wounded.
The orc warrior hits you with a spear!
You die...

.....
##'''##
##.....##
#((.....#
#.(.....#
#.......#
#..o))).#
#..)@)).#
##.)...##
###'###
#...#
#...#
#...#
#...#
###'###
##.....##


You could see an orc warrior.

Vanquished Creatures
  A two-headed ogre (D:8)
  Pikel (D:3)
  A spriggan (D:8)
  2 hungry ghosts
  Edmund (D:5)
  Menkaure (D:7)
  A water moccasin (D:6)
  Duvessa (D:5)
  12 orc warriors
  A black bear (D:7)
  6 ogres
  2 sky beasts (D:8)
  The ghost of kae the Ruffian, an amateur DrTm (D:3)
  4 centaurs
  The ghost of p0werm0de the Vexing, an amateur OpAM (D:4)
  A gnoll sergeant (D:7)
  5 bullfrogs
  Dowan (D:5)
  A scorpion (D:5)
  3 wights (D:6)
  2 howler monkeys
  3 crimson imps
  6 hounds
  A jelly (D:6)
  13 orc priests
  5 orc wizards
  Jessica (D:3)
  A gnoll shaman (D:7)
  3 iguanas
  7 worker ants
  A killer bee zombie (D:7)
  4 hound zombies
  A mummy (D:4)
  3 worker ant zombies
  A howler monkey skeleton (D:8)
  9 gnolls
  4 river rats (D:5)
  8 adders
  2 shadow imps
  An adder zombie (D:6)
  2 worms
  3 dart slugs
  8 leopard geckos
  58 orcs
  10 giant cockroaches
  12 goblins
  11 hobgoblins
  5 jackals
  4 quokkas
  9 bats
  5 frilled lizards
  A hobgoblin zombie (D:4)
  A jackal skeleton (D:8)
  13 kobolds
  2 kobold zombies (D:4)
  A leopard gecko skeleton (D:7)
  8 rats
  3 plants
279 creatures vanquished.

Vanquished Creatures (collateral kills)
  A centaur (D:7)
  A gnoll sergeant (D:7)
  2 gnolls (D:7)
4 creatures vanquished.

Vanquished Creatures (others)
  A slave (D:7)
  A centaur (D:7)
  A crimson imp (D:7)
  A hobgoblin zombie (D:4)
4 creatures vanquished.

Grand Total: 287 creatures vanquished

Notes
Turn   | Place    | Note
-------+----------+-------------------------------------------
     0 | D:1      | dvd the Troll Berserker began the quest for the Orb.
     0 | D:1      | Reached XP level 1. HP: 22/22 MP: 0/0
   120 | D:1      | Reached XP level 2. HP: 24/29 MP: 1/1
   235 | D:1      | Reached skill level 3 in Maces & Flails
   694 | D:2      | Reached XP level 3. HP: 36/36 MP: 2/2
   696 | D:2      | Reached ** piety under Trog
   957 | D:2      | Reached XP level 4. HP: 44/44 MP: 3/3
  1025 | D:2      | Reached skill level 4 in Maces & Flails
  1052 | D:2      | Found a blossoming altar of Fedhas.
  1111 | D:2      | Reached XP level 5. HP: 49/53 MP: 4/4
  1310 | D:3      | Noticed kae's ghost (amateur DrTm)
  1320 | D:3      | Killed kae's ghost
  1321 | D:3      | Noticed Jessica
  1359 | D:3      | Found a deep blue altar of Sif Muna.
  1381 | D:3      | Killed Jessica
  1540 | D:3      | Reached XP level 6. HP: 49/61 MP: 5/5
  1642 | D:3      | Reached *** piety under Trog
  2297 | D:4      | Found Diunid's Distillery.
  2297 | D:4      | Noticed Pikel
  2297 | D:4      | Noticed a slave
  2297 | D:4      | Noticed a slave
  2297 | D:4      | Noticed a slave
  2297 | D:4      | Noticed a slave
  2307 | D:3      | Killed Pikel
  2307 | D:3      | Reached skill level 5 in Maces & Flails
  2307 | D:3      | Reached skill level 1 in Stealth
  2307 | D:3      | Reached XP level 7. HP: 68/68 MP: 6/6
  2339 | D:4      | Bought a potion of curing for 36 gold pieces
  2340 | D:4      | Noticed p0werm0de's ghost (amateur OpAM)
  2346 | D:4      | Killed p0werm0de's ghost
  2346 | D:4      | Reached skill level 6 in Maces & Flails
  2380 | D:4      | Found Reshra Qiecs's Armour Boutique.
  2392 | D:4      | Found Widwitri's Jewellery Shop.
  2740 | D:4      | Found Pyijaf's General Store.
  2785 | D:5      | Entered Level 5 of the Dungeon
  2793 | D:5      | Noticed Edmund
  2800 | D:5      | Killed Edmund
  2800 | D:5      | Reached skill level 1 in Throwing
  2800 | D:5      | Reached XP level 8. HP: 78/78 MP: 7/7
  2920 | D:5      | Noticed Duvessa
  2928 | D:5      | Noticed Dowan
  2928 | D:5      | Killed Duvessa
  2928 | D:5      | Reached skill level 5 in Dodging
  2929 | D:5      | Reached skill level 7 in Maces & Flails
  2940 | D:5      | Killed Dowan
  3275 | D:5      | Reached **** piety under Trog
  3968 | D:6      | Reached XP level 9. HP: 87/87 MP: 8/8
  4016 | D:6      | Found a stormy altar of Qazlal.
  4085 | D:6      | Found a staircase to the Ecumenical Temple.
  4172 | D:6      | Reached skill level 8 in Maces & Flails
  4185 | D:6      | Found a snail-covered altar of Cheibriados.
  4319 | D:6      | Reached skill level 5 in Fighting
  4703 | D:6      | Reached skill level 9 in Maces & Flails
  4842 | D:6      | Received a gift from Trog
  5129 | D:4      | Bought the +2 cloak of Xaer {rF+} for 342 gold pieces
  5206 | D:7      | Noticed Menkaure
  5216 | D:7      | Killed Menkaure
  5694 | D:7      | Reached XP level 10. HP: 95/97 MP: 9/9
  5976 | D:7      | Reached ***** piety under Trog
  6437 | D:8      | Reached skill level 10 in Maces & Flails
  6536 | D:8      | Noticed a two-headed ogre
  6607 | D:8      | Noticed a two-headed ogre
  6653 | D:8      | Killed a two-headed ogre
  6653 | D:8      | Reached skill level 1 in Axes
  7302 | D:8      | Gained mutation: Your flesh is cold resistant. (rC+) [mutagenic meat]
  7305 | D:8      | Gained mutation: You are partially covered in thin metallic scales. (AC +2) [mutagenic meat]
  7307 | D:8      | Gained mutation: You passively map a small area around you. [mutagenic meat]
  7308 | D:8      | Gained mutation: You are occasionally teleported next to monsters. [mutagenic meat]
  7309 | D:8      | Gained mutation: You are frail. (-10% HP) [mutagenic meat]
  7311 | D:8      | Lost mutation: You are frail. (-10% HP) [potion of mutation]
  7311 | D:8      | Lost mutation: You are partially covered in thin metallic scales. (AC +2) [potion of mutation]
  7311 | D:8      | Lost mutation: You are occasionally teleported next to monsters. [potion of mutation]
  7311 | D:8      | Gained mutation: You have supernaturally acute eyesight. (SInv) [potion of mutation]
  7311 | D:8      | Gained mutation: You possess an exceptional clarity of mind. [potion of mutation]
  7311 | D:8      | Gained mutation: Your system is resistant to poisons. (rPois) [potion of mutation]
  7396 | D:9      | Found a flagged portal.
  7430 | Bailey   | Entered a bailey
  7445 | Bailey   | Received a gift from Trog
  7514 | Bailey   | Got an encrusted quarterstaff {god gift}
  7515 | Bailey   | Identified the +14 quarterstaff "Uhyixkep" {crush, MR+} (Trog gifted it to you in a bailey)
  7563 | Bailey   | Slain by an orc warrior

Vault maps used:
D:1:      dpeg_arrival_tiny_a, grunt_decor_arrowhead
D:2:      fedhas_altar_1
D:3:      hangedman_abyss_or_decor_lesser_grid, tgw_sif
D:4:      first_bread, serial_shops, shop, shop_statue, shop,
          nicolae_shop_trees, minmay_mini_ossuary, uniq_pikel
D:5:      wad_woods_tower, uniq_edmund, uniq_duvessa
D:6:      lemuel_round_altar, minmay_temple_entry_statues,
          nicolae_qazlal_general_emergency
D:7:      kennysheep_housing_project, uniq_menkaure
D:8:      the_bakery, onia_ninara_dug_in_and_dangerous
D:9:      enter_bailey_3, uniq_erolcha, uniq_maurice
Bailey:   bailey_polearm_5, bailey

Skill      XL: |  1  2  3  4  5  6  7  8  9 10 |
---------------+-------------------------------+-----
Maces & Flails | 3 4 5 6 7 9 10 | 10.1
Dodging        | 3 4 5 6 7 |  7.0
Fighting       | 3 4 5 6 |  6.2
Stealth        | 1 |  1.4
Throwing       | 1 3 4 |  4.7
Axes           | 3 |  3.1

Action                   |  1- 3 |  4- 6 |  7- 9 | 10-12 || total
-------------------------+-------+-------+-------+-------++-------
Melee: Mace              |   109 |   132 |       |       ||   241
       Morningstar       |       |    28 |    36 |       ||    64
       Flail             |       |       |   347 |   120 ||   467
       War axe           |       |       |       |    64 ||    64
Throw: Tomahawk          |     2 |     8 |    81 |    30 ||   121
       Large rock        |       |       |       |     5 ||     5
Invok: Berserk           |     2 |     3 |     7 |     5 ||    17
       Trog's Hand       |       |     1 |       |     1 ||     2
       Burn Spellbooks   |       |       |       |     1 ||     1
       Brothers in Arms  |       |       |       |     1 ||     1
  Use: Scroll            |       |     9 |     4 |     6 ||    19
       Potion            |       |       |       |     6 ||     6
 Stab: Sleeping          |     1 |       |       |       ||     1
  Eat: Chunk             |    16 |    16 |    40 |    36 ||   108
Armor: Animal skin       |    41 |    67 |    88 |    85 ||   281
       Robe              |       |     6 |    24 |       ||    30
Dodge: Dodged            |    66 |   110 |   201 |   159 ||   536

Table legend:
 A = Spawn XP
 B = Non-spawn XP
 C = Spawn XP percentage of total XP
 D = Spawn monster count
 E = Non-spawn monster count
 F = Spawn count percentage of total count
 G = Total turns spent on level
                    A         B        C        D         E        F      G
               +---------+---------+-------+---------+---------+-------+---------
         Total |       0 |    9701 |   0.0 |       0 |     280 |   0.0 |  7563
               +---------+---------+-------+---------+---------+-------+---------
           D:1 |       0 |      38 |   0.0 |       0 |      21 |   0.0 |   654
           D:2 |       0 |     168 |   0.0 |       0 |      28 |   0.0 |   637
           D:3 |       0 |     920 |   0.0 |       0 |      36 |   0.0 |  1040
           D:4 |       0 |     154 |   0.0 |       0 |      12 |   0.0 |   487
           D:5 |       0 |    1455 |   0.0 |       0 |      41 |   0.0 |  1282
           D:6 |       0 |    1559 |   0.0 |       0 |      36 |   0.0 |  1102
           D:7 |       0 |    2275 |   0.0 |       0 |      51 |   0.0 |  1216
           D:8 |       0 |    2407 |   0.0 |       0 |      28 |   0.0 |   954
           D:9 |       0 |       8 |   0.0 |       0 |       4 |   0.0 |    58
        Bailey |       0 |     717 |   0.0 |       0 |      23 |   0.0 |   133
               +---------+---------+-------+---------+---------+-------+---------
